 Dungeon Crawl Stone Soup version 0.29.1-15-g9cfb28693d (webtiles) character file.

Game seed: 10271137376851385878

4 H0rd4k the Charlatan (level 1, -1/15 HPs)
             Began as a Human Artificer on Apr 13, 2023.
             Frozen to death by an endoplasm (4 damage)
             ... on level 1 of the Dungeon.
             The game lasted 00:00:25 (68 turns).

H0rd4k the Charlatan (Human Artificer)                Turns: 68, Time: 00:00:26

Health: -1/15      AC:  3    Str: 12    XL:     1   Next: 77%
Magic:  1/1        EV: 11    Int: 11    God:
Gold:   4          SH:  0    Dex: 13    Spells: 0/0 levels left

rFire   . . .      SeeInvis .   a - +0 club
rCold   . . .      Faith    .   (no shield)
rNeg    . . .      Spirit   .   b - +0 leather armour
rPois   .          Reflect  .   (no helmet)
rElec   .          Harm     .   (no cloak)
rCorr   .          Rampage  .   (no gloves)
Will    .....                   (no boots)
Stlth   +.........              (no amulet)
HPRegen 0.05/turn               (no ring)
MPRegen 0.07/turn               (no ring)

@: no status effects
A: no striking features
a: no special abilities


You were on level 1 of the Dungeon.
You visited 1 branch of the dungeon, and saw 1 of its levels.

You collected 4 gold pieces.

Inventory:

Hand Weapons
 a - a +0 club (weapon)
Armour
 b - a +0 leather armour (worn)
Wands
 c - a wand of flame (15) (quivered)
 d - a wand of charming (12)
 e - a wand of iceblast (4)


   Skills:
 + Level 1.0 Fighting
 - Level 2.0 Armour
 + Level 1.1 Dodging
 + Level 1.0 Stealth
 + Level 3.3 Evocations


You couldn't memorise any spells.
You didn't know any spells.
Your spell library was empty.

Dungeon Overview and Level Annotations

Branches:
Dungeon (1/15)

Altars:

Shops:
D:1 [


Message History

r - Retreat! s - Stop attacking. g - Guard the area. f - Follow me.
Anything else - Cancel.
Guard this area!
Your jackal bites the jackal.
Your goblin barely misses the kobold.
The kobold hits your goblin with a +0 short sword.
Your goblin dies!
The jackal bites your jackal but does no damage.
Your jackal closely misses the jackal.
Aiming: Charm
Press: ? - help, Shift-Dir - straight line, f - jackal, p - jackal
Aim: a jackal (lightly wounded, ally target, chance to affect: 73%) Really fire in your jackal's direction?
Okay, then.
Unknown command.
Unknown command.
Aiming: Iceblast
Press: ? - help, Shift-Dir - straight line, f - kobold, p - jackal
Aim: a kobold, wielding a +0 short sword The mass of ice explodes!
The iceblast engulfs the kobold!!
You kill the kobold!
The iceblast engulfs the goblin!
You kill the goblin!
The jackal closely misses your jackal.
Your jackal bites the jackal but does no damage.
The jackal bites your jackal.
Your jackal misses the jackal.
The jackal bites your jackal but does no damage.
Things that are here:
a +0 club; a goblin corpse
Found Juizace's Antique Armour Boutique.
A bat comes into view.
Your jackal closely misses the jackal.
The endoplasm misses you.
The jackal bites your jackal but does no damage.
Your jackal barely misses the jackal.
The bat moves out of view.
You see here a +0 short sword.
The jackal closely misses your jackal.
An endoplasm comes into view.
The endoplasm freezes you.
You are frozen.
You die...

~~~~#.##.#
....'....########.#..b.J
~~~~#.#.................
~♣.~#.#.####......∩.....
~PP~#...................
~♣.~#........###........
~♣P~#...................
~♣♣~#......#####...(....
~♣P~#.....######@.......
~♣ #.....hhh.))J.......
~♣ #......#####........
#.......# #........
#........# #........
#.....##............
........ ...#........
...>.... ..h##.......
######. .#.. ......


You could see 2 endoplasms, 2 jackals, a bat and a friendly jackal (charmed).

Vanquished Creatures
  A bat (D:1)
  A goblin (D:1)
  A kobold (D:1)
3 creatures vanquished.

Vanquished Creatures (others)
  A goblin (D:1)
  A jackal (D:1)
2 creatures vanquished.

Grand Total: 5 creatures vanquished

Notes
Turn   | Place    | Note
-------+----------+-------------------------------------------
     0 | D:1      | H0rd4k the Human Artificer began the quest for the Orb.
     0 | D:1      | Reached XP level 1. HP: 15/15 MP: 1/1
    67 | D:1      | Found Juizace's Antique Armour Boutique.
    68 | D:1      | Frozen to death by an endoplasm

Illustrated notes

Levels and vault maps discovered:
D:1:      lightli_arrival_farm, layout_rooms, serial_shops, shop,
          nicolae_square_shop

Action                   || total
-------------------------++-------
Melee: Club              ||    15
Evoke: Wand              ||     4
Armor: Leather armour    ||     9
Dodge: Dodged            ||    19
